 Dungeon Crawl Stone Soup version 0.30-a0-743-gbfdf073431 (webtiles) character file.

Game seed: 1558567450277124043

607 avis the Shooter (level 6, 0/52 HPs)
             Began as a Demigod Hunter on Feb 8, 2023.
             Slain by a two-headed ogre
             ... wielding a +0 giant club
              (16 damage)
             ... on level 5 of the Dungeon.
             The game lasted 00:17:38 (3767 turns).

avis the Shooter (Demigod Hunter)                   Turns: 3767, Time: 00:17:38

Health: 0/52       AC:  8    Str: 12    XL:     6   Next: 99%
Magic:  8/8        EV: 13    Int: 11    God:
Gold:   213        SH:  5    Dex: 25    Spells: 5/5 levels left

rFire   . . .      SeeInvis .    b - +0 shortbow
rCold   . . .      Faith    .    (shield currently unavailable)
rNeg    + . .      Spirit   .    x - +5 leather armour of the Desolation of Salt {Will+}
rPois   .          Reflect  +    o - +0 hat
rElec   .          Harm     .    (no cloak)
rCorr   .          Rampage  .    (no gloves)
Will    +....                    (no boots)
Stlth   ++                       f - amulet of reflection
HPRegen 0.28/turn                w - ring of positive energy
MPRegen 0.11/turn                (no ring)

@: no status effects
A: high MP 1, forlorn, divine attributes
a: no special abilities


You were on level 5 of the Dungeon.
You visited 2 branches of the dungeon, and saw 6 of its levels.

You collected 213 gold pieces.

Inventory:

Hand Weapons
 a - a +0 dagger
 b - a +0 shortbow (weapon)
Missiles
 g - 9 poisoned darts
Armour
 o - a +0 hat (worn)
 x - the +5 leather armour of the Desolation of Salt (worn) {Will+}
   (You found it on level 4 of the Dungeon)

   Will:      It increases your willpower.
Jewellery
 f - an amulet of reflection (around neck)
 w - a ring of positive energy (left hand)
Wands
 q - a wand of roots (7)
 y - a wand of light (6)
Scrolls
 c - a scroll of noise {unknown}
 d - 2 scrolls of immolation
 e - 2 scrolls of teleportation {unknown}
 i - 5 scrolls of poison {unknown}
 j - 10 scrolls of identify {unknown}
 t - 2 scrolls of magic mapping {unknown}
 u - a scroll of enchant armour {unknown}
 v - a scroll of fog {unknown}
 z - a scroll of vulnerability {unknown}
Potions
 h - 2 potions of might {unknown}
 k - a potion of brilliance {unknown}
 l - 2 potions of haste {unknown}
 m - a potion of ambrosia {unknown}
 n - a potion of invisibility {unknown}
 p - a potion of curing {unknown}
 r - a potion of degeneration {unknown}
 s - a potion of experience {unknown}


   Skills:
 - Level 4.0 Fighting
 * Level 6.4 Ranged Weapons
 - Level 3.0 Dodging
 - Level 2.0 Stealth


You had 5 spell levels left.
You didn't know any spells.
Your spell library contained the following spells:

 Spells                   Type           Power      Damage    Failure   Level
 Lesser Beckoning         Tloc           0%         N/A       56%         2
 Gell's Gravitas          Tloc           0%         N/A       80%         3
 Teleport Other           Tloc           0%         N/A       80%         3
 Malign Gateway           Summ/Tloc      0%         N/A       100%        7
 Summon Horrible Things   Summ           0%         N/A       100%        8


Dungeon Overview and Level Annotations

Branches:
Dungeon (5/15)             Temple (1/1) D:4


Innate Abilities, Weirdness & Mutations

You have an increased reservoir of magic. (+10% MP)
You shall have no god before yourself.
Your divine heritage dramatically boosts your attributes as you level up.


Message History

Fire: b) +0 shortbow
Press: ? - help, Q - select action, (/) - cycle Shift-Dir - straight line, f/p - two-headed ogre
Aim: a two-headed ogre, wielding a +0 giant club and a +0 giant spiked club (lightly wounded, 80% to hit)
You shoot an arrow. The arrow hits the two-headed ogre!
The two-headed ogre is moderately wounded.
The two-headed ogre hits you with a +0 giant club!
The two-headed ogre hits you with a +0 giant spiked club!
Fire: b) +0 shortbow
Press: ? - help, Q - select action, (/) - cycle Shift-Dir - straight line, f/p - two-headed ogre
Aim: a two-headed ogre, wielding a +0 giant club and a +0 giant spiked club (moderately wounded, 80% to hit)
You shoot an arrow.
The arrow hits the two-headed ogre but does no damage.
The two-headed ogre is moderately wounded.
The two-headed ogre hits you with a +0 giant club.
The two-headed ogre closely misses you.
Fire: b) +0 shortbow
Press: ? - help, Q - select action, (/) - cycle Shift-Dir - straight line, f/p - two-headed ogre
Aim: a two-headed ogre, wielding a +0 giant club and a +0 giant spiked club (moderately wounded, 80% to hit)
You shoot an arrow. The arrow hits the two-headed ogre.
The two-headed ogre is heavily wounded.
You block the two-headed ogre's attack. The two-headed ogre misses you.
Fire: b) +0 shortbow
Press: ? - help, Q - select action, (/) - cycle Shift-Dir - straight line, f/p - two-headed ogre
Aim: a two-headed ogre, wielding a +0 giant club and a +0 giant spiked club (heavily wounded, 80% to hit)
You shoot an arrow. The arrow hits the two-headed ogre!
The two-headed ogre is severely wounded.
Fire: b) +0 shortbow
Press: ? - help, Q - select action, (/) - cycle Shift-Dir - straight line, f/p - two-headed ogre
Aim: a two-headed ogre, wielding a +0 giant club and a +0 giant spiked club (severely wounded, 80% to hit)
You shoot an arrow.
The arrow barely misses the two-headed ogre.
The two-headed ogre barely misses you.
The two-headed ogre hits you with a +0 giant spiked club!
Fire: b) +0 shortbow
Press: ? - help, Q - select action, (/) - cycle Shift-Dir - straight line, f/p - two-headed ogre
Aim: a two-headed ogre, wielding a +0 giant club and a +0 giant spiked club (severely wounded, 80% to hit)
You shoot an arrow. The arrow hits the two-headed ogre!
The two-headed ogre is almost dead.
The two-headed ogre hits you with a +0 giant club!
You die...

#..##.....##....... ###
###.....#..#..####.. ...
......##......# ##. ....
##..###......#####.
..........#.......##....
.....###.)..............
....###...............
#..####.............
#O@..#....<........
#................##
##..######.......# #.##
#......... ...#
#.......... ....#
#>.......#. ......
........# ......
..........


You could see a two-headed ogre.

Vanquished Creatures
  An ice beast (D:5)
  An ogre (D:5)
  Blork the orc (D:4)
  A scorpion (D:5)
  A hound (D:5)
  Ijyb (D:3)
  2 iguanas (D:4)
  Natasha (thrice) (D:3)
  5 adders
  2 dart slugs
  3 orcs (D:3)
  7 ball pythons
  3 bats
  4 endoplasms
  A giant cockroach (D:4)
  6 goblins
  7 hobgoblins
  13 jackals
  2 quokkas (D:4)
  2 frilled lizards
  4 kobolds
  7 rats
  A spectral goblin (D:3)
78 creatures vanquished.

Notes
Turn   | Place    | Note
-------+----------+-------------------------------------------
     0 | D:1      | avis the Demigod Hunter began the quest for the Orb.
     0 | D:1      | Reached XP level 1. HP: 17/17 MP: 3/3
   143 | D:1      | Reached skill level 4 in Ranged Weapons
   189 | D:1      | Reached XP level 2. HP: 24/24 MP: 4/4
   228 | D:1      | Reached skill level 1 in Stealth
   684 | D:2      | Reached XP level 3. HP: 30/30 MP: 5/5
  1300 | D:3      | Noticed Natasha
  1300 | D:3      | Found Meapelof's General Store.
  1308 | D:3      | Killed Natasha
  1309 | D:3      | Reached XP level 4. HP: 30/38 MP: 6/6
  1606 | D:3      | Noticed Natasha
  1608 | D:3      | Killed Natasha
  1637 | D:3      | Reached skill level 5 in Ranged Weapons
  1648 | D:3      | Noticed Ijyb
  1661 | D:3      | Killed Ijyb
  2000 | D:3      | Noticed Natasha
  2018 | D:3      | Reached XP level 5. HP: 35/45 MP: 7/7
  2019 | D:3      | Killed Natasha
  2847 | D:4      | Found a staircase to the Ecumenical Temple.
  2957 | D:4      | Reached skill level 6 in Ranged Weapons
  3068 | D:4      | Identified the +5 leather armour of the Desolation of Salt
                  | {Will+}
  3231 | Temple   | Entered the Ecumenical Temple
  3264 | D:5      | Entered Level 5 of the Dungeon
  3267 | D:5      | Reached XP level 6. HP: 51/51 MP: 8/8
  3276 | D:5      | Noticed Blork the orc
  3302 | D:4      | Killed Blork the orc
  3506 | D:5      | Noticed a two-headed ogre
  3767 | D:5      | Slain by a two-headed ogre

Illustrated notes

Levels and vault maps discovered:
D:1:      nzn_arrival_crosshair, layout_basic, minmay_bisected
D:2:      layout_rooms
D:3:      layout_rooms, nicolae_overflow_hidden_temple, kennysheep_slug_shrine,
          dreamdust_ecumenical_altar_drowned_temple, serial_shops,
          nicolae_shop_crystal, uniq_natasha, uniq_ijyb
D:4:      layout_basic, minmay_temple_entry_steel_oval
D:5:      layout_cave_pools, nzn_wu_jian_council_hall, uniq_blork_the_orc,
          uniq_crazy_yiuf_cottage
Temple:   minmay_temple_curvy_loop

Skill      XL: |  1  2  3  4  5  6 |
---------------+-------------------+-----
Fighting       | 2 3 4 |  4.0
Ranged Weapons | 4 5 6 |  6.4
Dodging        | 2 3 |  3.0
Stealth        | 1 2 |  2.0

Action                     |  1- 3 |  4- 6 || total
---------------------------+-------+-------++-------
  Melee: Dagger            |     7 |       ||     7
   Fire: Shortbow          |    96 |   160 ||   256
   Stab: Sleeping          |     1 |       ||     1
 Armour: Leather armour    |    14 |    23 ||    37
  Dodge: Dodged            |    49 |    49 ||    98
  Block: Other             |       |    25 ||    25

Table legend: (Time is in decaauts)
 A = Elapsed time spent in this place.
 B = Non-inter-level travel time spent in this place.
 C = Inter-level travel time spent in this place.
 D = Time resting spent in this place.
 E = Time spent auto-exploring this place.
 F = Levels seen in this place.
 G = Mean time per level.
                   A        B        C        D        E       F      G
               +--------+--------+--------+--------+--------+-----+--------+
         Total |   3854 |   3293 |    561 |    400 |   2080 |   6 |  642.3 |
       Dungeon |   3852 |   3291 |    561 |    400 |   2080 |   5 |  770.4 |
        Temple |      2 |      2 |      0 |      0 |      0 |   1 |    2.0 |
               +--------+--------+--------+--------+--------+-----+--------+

Top non-repeatable levels by time:
     D:4: 1365 daAuts
     D:3: 878 daAuts
     D:1: 696 daAuts
     D:2: 694 daAuts
     D:5: 217 daAuts
  Temple: 2 daAuts
